San Jose Sharks vs Los Angeles Kings
Created - Sunday, June 11, 2023 at 07:52
Goals
|
| San Jose Sharks |
2 |
1 |
1 |
4 |
| Los Angeles Kings |
1 |
4 |
2 |
7 |
|
Shots
|
| San Jose Sharks |
15 |
7 |
13 |
35 |
| Los Angeles Kings |
11 |
11 |
11 |
33 |
|
1st period
1. Los Angeles Kings , Andrei Svechnikov 32 (Kirby Dach 16, Nicklas Backstrom 44) at 13:12 (PP)
2. San Jose Sharks , William Karlsson 30 (Oliver Bjorkstrand 39, David Savard 19) at 17:49 (PP)
3. San Jose Sharks , Michael Bunting 19 (Alex Iafallo 16, Tanner Pearson 14) at 18:25
Penalties :
Jacob Middleton (SJS) for Hooking (Minor) at 13:03, Kirby Dach (LAK) for Slashing (Minor) at 17:08
2nd period
4. San Jose Sharks , Jesper Fast 7 (Tanner Pearson 15, Andreas Athanasiou 16) at 4:48
5. Los Angeles Kings , Alexander Radulov 15 (Dominik Kubalik 39, Seth Jarvis 27) at 9:06 (PP)
6. Los Angeles Kings , Peyton Krebs 16 (Noah Dobson 38, Tyler Gaudet 6) at 9:16
7. Los Angeles Kings , Matt Tennyson 1 (Nicklas Backstrom 45, Andrei Svechnikov 44) at 9:24
8. Los Angeles Kings , Seth Jarvis 26 (Dominik Kubalik 40, Alexander Radulov 24) at 15:44
Penalties :
Jacob Middleton (SJS) for Holding Stick (Minor) at 1:48, Derek Forbort (SJS) for Interference (Minor) at 8:13, Nick Paul (SJS) for Hooking (Minor) at 9:29, Jacob Middleton (SJS) for Holding (Minor) at 19:16
3rd period
9. San Jose Sharks , Alex Iafallo 13 (Michael Bunting 28) at 5:30 (PP)
10. Los Angeles Kings , Kirby Dach 22 (Nicklas Backstrom 46, Andrei Svechnikov 45) at 9:47
11. Los Angeles Kings , Peyton Krebs 17 (Noah Dobson 39, Ryan Reaves 13) at 16:34
Penalties :
K'Andre Miller (LAK) for Holding (Minor) at 4:44, Kirby Dach (LAK) for Holding (Minor) at 19:00
Goalie Stats
Malcolm Subban (SJS), 26 saves from 33 shots - (0.788), L, 10-13-5, 60:00 minutes
John Gibson (LAK), 31 saves from 35 shots - (0.886), W, 19-20-4, 60:00 minutes
Players Stats for San Jose Sharks
Player Name G A P +/- PIM S H SB GA TA FO MP PP MP PK MP
------------------------------------------------------------------------------------
Alex Iafallo 1 1 2 0 0 8 2 0 0 1 13/28 19:52 1:08 3:34
Andreas Athanasiou 0 1 1 1 0 2 1 0 0 0 8/13 12:40 0:00 0:00
Anthony DeAngelo 0 0 0 0 0 0 0 2 1 2 0/0 22:32 1:15 4:05
David Savard 0 1 1 -2 0 1 0 2 0 1 0/0 22:12 1:11 2:54
Derek Forbort 0 0 0 -2 2 0 1 0 0 2 0/0 22:11 1:11 2:54
Henri Jokiharju 0 0 0 -1 0 0 0 0 0 0 0/0 15:16 0:00 0:00
Jacob Middleton 0 0 0 -1 6 0 1 0 0 0 0/0 15:21 0:00 0:00
Jesper Fast 1 0 1 1 0 3 1 0 1 0 0/1 12:40 0:00 0:00
Joel Edmundson 0 0 0 0 0 2 0 1 0 2 0/0 22:32 1:15 4:05
Michael Bunting 1 1 2 0 0 3 0 0 0 0 1/2 16:18 1:08 0:00
Mike Hoffman 0 0 0 -1 0 1 0 0 0 0 0/0 7:13 0:00 0:00
Nick Paul 0 0 0 0 2 0 1 1 0 0 2/2 16:41 1:08 0:17
Oliver Bjorkstrand 0 1 1 -3 0 6 2 0 2 0 1/3 20:16 1:18 3:34
Rem Pitlick 0 0 0 -1 0 0 0 0 0 0 2/4 7:13 0:00 0:00
Ryan Hartman 0 0 0 -3 0 4 0 1 2 0 9/18 19:51 1:18 3:08
Sonny Milano 0 0 0 -1 0 0 0 0 0 0 1/1 7:13 0:00 0:00
Tanner Pearson 0 2 2 1 0 1 0 1 1 0 0/0 13:04 0:00 0:17
William Karlsson 1 0 1 -3 0 4 1 1 0 0 2/2 19:51 1:18 3:08
Players Stats for Los Angeles Kings
Player Name G A P +/- PIM S H SB GA TA FO MP PP MP PK MP
------------------------------------------------------------------------------------
Alexander Radulov 1 1 2 1 0 1 0 1 1 0 0/2 18:35 3:50 0:00
Andrei Svechnikov 1 2 3 2 0 4 2 2 1 2 0/5 19:39 3:09 1:09
Cooper Marody 0 0 0 -1 0 2 0 0 0 0 5/9 8:34 0:00 0:00
Dominik Kubalik 0 2 2 1 0 3 0 0 0 0 0/1 19:52 3:50 1:17
Erik Brannstrom 0 0 0 1 0 2 0 1 0 0 0/0 17:35 0:00 0:00
Evan Polei 0 0 0 -1 0 2 1 0 0 1 0/0 8:34 0:00 0:00
Jakub Zboril 0 0 0 1 0 1 3 2 0 0 0/0 23:12 3:42 1:33
K'Andre Miller 0 0 0 1 2 2 0 3 0 1 0/0 21:37 3:17 0:43
Kirby Dach 1 1 2 2 4 1 2 0 0 0 0/2 18:52 3:09 0:24
Matt Tennyson 1 0 1 1 0 2 2 1 0 1 0/0 19:04 3:42 0:00
Nicklas Backstrom 0 3 3 2 0 2 0 1 3 0 17/28 19:39 3:09 1:09
Noah Dobson 0 2 2 1 0 2 1 3 0 0 0/0 21:48 3:17 0:53
Peyton Krebs 2 0 2 1 0 4 1 0 3 0 5/8 12:48 0:00 0:53
Rasmus Sandin 0 0 0 1 0 2 0 0 0 0 0/0 16:43 0:00 1:43
Ryan Reaves 0 1 1 1 0 1 1 0 0 1 0/0 11:55 0:00 0:00
Seth Jarvis 1 1 2 1 0 2 1 0 0 0 7/18 18:35 3:50 0:00
Tyler Gaudet 0 1 1 1 0 0 2 0 0 0 1/1 11:55 0:00 0:00
Vitaly Kravtsov 0 0 0 -1 0 0 1 0 0 1 0/0 8:34 0:00 0:00
3 Stars
1 - Andrei Svechnikov (LAK)
2 - Peyton Krebs (LAK)
3 - Nicklas Backstrom (LAK)
Power Play
San Jose Sharks - 2 on 3 Attempt(s) - 66.67%
Los Angeles Kings - 2 on 5 Attempt(s) - 40.00%
Penalty Kill
San Jose Sharks - 3 on 5 Attempt(s) - 60.00%
- Score 0 goal in Penalty Kill
Los Angeles Kings - 1 on 3 Attempt(s) - 33.33%
- Score 0 goal in Penalty Kill
Team Stat
San Jose Sharks - Hits : 10 - Faceoff Wins : 39 - Blocked Shots : 9 - Penalty Minutes : 10
Los Angeles Kings - Hits : 17 - Faceoff Wins : 35 - Blocked Shots : 14 - Penalty Minutes : 6
Official
Referees : TJ Luxmore and Tom Chmielewski
Linesman : Bryan Pancich and Greg Devorski
Game Notes
No Game Note
Finance
Level 1 -- Attendance: 4746 (79.10%) -- Ticket Income $474,600
Level 2 -- Attendance: 4077 (81.54%) -- Ticket Income $244,620
Level 3 -- Attendance: 2396 (79.87%) -- Ticket Income $83,860
Level 4 -- Attendance: 3356 (67.12%) -- Ticket Income $83,900
Luxury Box -- Attendance: 758 (75.80%) -- Ticket Income $151,600
Game was played at the Staples Center.
Total Attendance: 15333 (76.67%)
Total Ticket Income: $1,038,580
Other Income: $363,503
Total Income: $1,402,083
San Jose Sharks
5 vs 5 Forward
Center Left Wing Right Wing Time % Phy DF OF
1 Ryan Hartman William Karlsson Oliver Bjorkstrand 30 1 2 2
2 Alex Iafallo Nick Paul Michael Bunting 30 1 2 2
3 Andreas Athanasiou Tanner Pearson Jesper Fast 25 1 2 2
4 Rem Pitlick Mike Hoffman Sonny Milano 15 1 2 2
5 vs 5 Defense
Defense Defense Time % Phy DF OF
1 David Savard Derek Forbort 35 1 2 2
2 Anthony DeAngelo Joel Edmundson 35 1 2 2
3 Henri Jokiharju Jacob Middleton 30 1 2 2
4 David Savard Derek Forbort 0 1 2 2
PowerPlay Forward
Center Left Wing Right Wing Time % Phy DF OF
1 Ryan Hartman William Karlsson Oliver Bjorkstrand 50 1 2 2
2 Alex Iafallo Nick Paul Michael Bunting 50 1 2 2
PowerPlay Defense
Defense Defense Time % Phy DF OF
1 David Savard Derek Forbort 50 1 2 2
2 Anthony DeAngelo Joel Edmundson 50 1 2 2
Penalty Kill 4 Players Forward
Center Wing Time % Phy DF OF
1 Ryan Hartman William Karlsson 50 1 2 2
2 Oliver Bjorkstrand Alex Iafallo 50 1 2 2
Penalty Kill 4 Players Defense
Defense Defense Time % Phy DF OF
1 David Savard Derek Forbort 50 1 2 2
2 Anthony DeAngelo Joel Edmundson 50 1 2 2
Penalty Kill - 3 Players Forward
Forward Time % Phy DF OF
1 Ryan Hartman 50 1 2 2
2 William Karlsson 50 1 2 2
Penalty Kill - 3 Players Defense
Defense Defense Time % Phy DF OF
1 David Savard Derek Forbort 50 1 2 2
2 Anthony DeAngelo Joel Edmundson 50 1 2 2
4 vs 4 Forward
Center Wing Time % Phy DF OF
1 Ryan Hartman William Karlsson 50 1 2 2
2 Oliver Bjorkstrand Alex Iafallo 50 1 2 2
4 vs 4 Defense
Defense Defense Time % Phy DF OF
1 David Savard Derek Forbort 50 1 2 2
2 Anthony DeAngelo Joel Edmundson 50 1 2 2
Last Minutes Offensive
Center Left Wing Right Wing Defense Defense
Ryan Hartman William Karlsson Oliver Bjorkstrand David Savard Derek Forbort
Last Minutes Defensive
Center Left Wing Right Wing Defense Defense
Ryan Hartman William Karlsson Oliver Bjorkstrand David Savard Derek Forbort
Goaltenders
Starting : Malcolm Subban
Backup : Marc-Andre Fleury
Extra Forwards
Normal : Sonny Milano, Jesper Fast, Tanner Pearson - PP : Sonny Milano, Jesper Fast - PK : Tanner Pearson
Extra Defensemen
Normal : Henri Jokiharju, Jacob Middleton, Anthony DeAngelo - PP : Henri Jokiharju - PK : Jacob Middleton, Anthony DeAngelo
Penalty Shots
Ryan Hartman, William Karlsson, Oliver Bjorkstrand, Alex Iafallo, Nick Paul
Los Angeles Kings
5 vs 5 Forward
Center Left Wing Right Wing Time % Phy DF OF
1 Nicklas Backstrom Andrei Svechnikov Kirby Dach 30 1 2 2
2 Seth Jarvis Dominik Kubalik Alexander Radulov 30 1 2 2
3 Peyton Krebs Tyler Gaudet Ryan Reaves 25 1 2 2
4 Cooper Marody Evan Polei Vitaly Kravtsov 15 1 2 2
5 vs 5 Defense
Defense Defense Time % Phy DF OF
1 K'Andre Miller Noah Dobson 35 1 2 2
2 Erik Brannstrom Jakub Zboril 35 1 2 2
3 Matt Tennyson Rasmus Sandin 30 1 2 2
4 K'Andre Miller Noah Dobson 0 1 2 2
PowerPlay Forward
Center Left Wing Right Wing Time % Phy DF OF
1 Nicklas Backstrom Andrei Svechnikov Kirby Dach 50 1 2 2
2 Seth Jarvis Dominik Kubalik Alexander Radulov 50 1 2 2
PowerPlay Defense
Defense Defense Time % Phy DF OF
1 K'Andre Miller Noah Dobson 50 1 2 2
2 Matt Tennyson Jakub Zboril 50 1 2 2
Penalty Kill 4 Players Forward
Center Wing Time % Phy DF OF
1 Andrei Svechnikov Nicklas Backstrom 50 1 2 2
2 Kirby Dach Dominik Kubalik 50 1 2 2
Penalty Kill 4 Players Defense
Defense Defense Time % Phy DF OF
1 K'Andre Miller Noah Dobson 50 1 2 2
2 Rasmus Sandin Jakub Zboril 50 1 2 2
Penalty Kill - 3 Players Forward
Forward Time % Phy DF OF
1 Andrei Svechnikov 50 1 2 2
2 Nicklas Backstrom 50 1 2 2
Penalty Kill - 3 Players Defense
Defense Defense Time % Phy DF OF
1 K'Andre Miller Noah Dobson 50 1 2 2
2 Matt Tennyson Jakub Zboril 50 1 2 2
4 vs 4 Forward
Center Wing Time % Phy DF OF
1 Andrei Svechnikov Nicklas Backstrom 50 1 2 2
2 Kirby Dach Dominik Kubalik 50 1 2 2
4 vs 4 Defense
Defense Defense Time % Phy DF OF
1 K'Andre Miller Noah Dobson 50 1 2 2
2 Rasmus Sandin Jakub Zboril 50 1 2 2
Last Minutes Offensive
Center Left Wing Right Wing Defense Defense
Nicklas Backstrom Andrei Svechnikov Kirby Dach K'Andre Miller Noah Dobson
Last Minutes Defensive
Center Left Wing Right Wing Defense Defense
Nicklas Backstrom Andrei Svechnikov Kirby Dach K'Andre Miller Noah Dobson
Goaltenders
Starting : John Gibson
Backup : Aaron Dell
Extra Forwards
Normal : Evan Polei, Ryan Reaves, Peyton Krebs - PP : Evan Polei, Ryan Reaves - PK : Peyton Krebs
Extra Defensemen
Normal : Matt Tennyson, Rasmus Sandin, K'Andre Miller - PP : Matt Tennyson - PK : Rasmus Sandin, Noah Dobson
Penalty Shots
Andrei Svechnikov, Nicklas Backstrom, Kirby Dach, Dominik Kubalik, Alexander Radulov
% Time on Ice - San Jose Sharks
Lines # - Real PCT - Wanted PCT - Time Play
Normal Forward
1 - 31% - 30% - 15:32
2 - 30% - 30% - 15:10
3 - 25% - 25% - 12:40
4 - 14% - 15% - 7:13
Normal Defense
1 - 34% - 35% - 17:27
2 - 34% - 35% - 17:12
3 - 30% - 30% - 15:16
4 - 1% - 0% - 0:40
PP Forward
1 - 53% - 50% - 1:18
2 - 47% - 50% - 1:08
PP Defense
1 - 49% - 50% - 1:11
2 - 51% - 50% - 1:15
PK Forward
1 - 47% - 50% - 3:15
2 - 53% - 50% - 3:44
PK Defense
1 - 42% - 50% - 2:54
2 - 58% - 50% - 4:05
PK3 Forward
1 - 0% - 50%
2 - 0% - 50%
PK3 Defense
1 - 0% - 50%
2 - 0% - 50%
44 Forward
1 - 0% - 50%
2 - 0% - 50%
44 Defense
1 - 0% - 50%
2 - 0% - 50%
Last Minute Offensive - 0:00
Last Minute Defensive - 0:00
Total
Forward - 60:00
Defense - 60:00
|
% Time on Ice - Los Angeles Kings
Lines # - Real PCT - Wanted PCT - Time Play
Normal Forward
1 - 30% - 30% - 15:21
2 - 29% - 30% - 14:45
3 - 24% - 25% - 11:55
4 - 17% - 15% - 8:34
Normal Defense
1 - 34% - 35% - 17:25
2 - 35% - 35% - 17:57
3 - 30% - 30% - 15:00
4 - 0% - 0% - 0:13
PP Forward
1 - 45% - 50% - 3:09
2 - 55% - 50% - 3:50
PP Defense
1 - 47% - 50% - 3:17
2 - 53% - 50% - 3:42
PK Forward
1 - 47% - 50% - 1:09
2 - 53% - 50% - 1:17
PK Defense
1 - 36% - 50% - 0:53
2 - 64% - 50% - 1:33
PK3 Forward
1 - 0% - 50%
2 - 0% - 50%
PK3 Defense
1 - 0% - 50%
2 - 0% - 50%
44 Forward
1 - 0% - 50%
2 - 0% - 50%
44 Defense
1 - 0% - 50%
2 - 0% - 50%
Last Minute Offensive - 0:00
Last Minute Defensive - 0:00
Total
Forward - 60:00
Defense - 60:00
|
Play-by-Play
1st period
0:01 of 1st period - Nicklas Backstrom wins face-off versus Ryan Hartman in neutral zone.
1:13 of 1st period - Snap shot by Sonny Milano.
1:13 of 1st period - Deflect By Cooper Marody.
1:13 of 1st period - Shot Misses the Net.
1:13 of 1st period - Puck is out of play.
1:14 of 1st period - Cooper Marody wins face-off versus Rem Pitlick in Los Angeles Kings zone.
1:14 of 1st period - Cooper Marody is hit by Jacob Middleton.
3:38 of 1st period - Seth Jarvis is hit by Jesper Fast and loses puck.
5:31 of 1st period - Slapshot by Oliver Bjorkstrand.
5:31 of 1st period - Stopped by John Gibson with a rebound.
5:39 of 1st period - Snap shot by Ryan Hartman.
5:39 of 1st period - Shot Misses the Net.
5:45 of 1st period - Wrist shot by Ryan Hartman.
5:45 of 1st period - Stopped by John Gibson without a rebound.
5:46 of 1st period - Nicklas Backstrom wins face-off versus Alex Iafallo in Los Angeles Kings zone.
5:59 of 1st period - Wrist shot by Andrei Svechnikov.
5:59 of 1st period - Stopped by Malcolm Subban with a rebound.
6:01 of 1st period - Slapshot by Matt Tennyson.
6:01 of 1st period - Deflect By Andrei Svechnikov.
6:01 of 1st period - Shot Blocked by Anthony DeAngelo.
6:01 of 1st period - Puck is out of play.
6:02 of 1st period - Andreas Athanasiou wins face-off versus Seth Jarvis in San Jose Sharks zone.
6:15 of 1st period - Snap shot by Seth Jarvis.
6:15 of 1st period - Shot Misses the Net.
6:40 of 1st period - Snap shot by Andrei Svechnikov.
6:40 of 1st period - Shot Misses the Net.
6:42 of 1st period - Wrist shot by Kirby Dach.
6:42 of 1st period - Shot Misses the Net.
6:51 of 1st period - Icing by Michael Bunting.
6:52 of 1st period - Alex Iafallo wins face-off versus Cooper Marody in San Jose Sharks zone.
7:17 of 1st period - Snap shot by Mike Hoffman.
7:17 of 1st period - Stopped by John Gibson with a rebound.
7:25 of 1st period - Snap shot by Evan Polei.
7:25 of 1st period - Shot Misses the Net.
7:27 of 1st period - Slapshot by Matt Tennyson.
7:27 of 1st period - Deflect By Evan Polei.
7:27 of 1st period - Stopped by Malcolm Subban with a rebound.
7:29 of 1st period - Snap shot by Evan Polei.
7:29 of 1st period - Stopped by Malcolm Subban with a rebound.
7:31 of 1st period - Slapshot by Rasmus Sandin.
7:31 of 1st period - Stopped by Malcolm Subban without a rebound.
7:32 of 1st period - Andreas Athanasiou wins face-off versus Nicklas Backstrom in San Jose Sharks zone.
7:47 of 1st period - Wrist shot by Nicklas Backstrom.
7:47 of 1st period - Shot Blocked by Tanner Pearson.
8:18 of 1st period - Ryan Hartman is hit by Tyler Gaudet and loses puck.
8:23 of 1st period - Slapshot by Ryan Reaves.
8:23 of 1st period - Shot Misses the Net.
9:03 of 1st period - Snap shot by Nicklas Backstrom.
9:03 of 1st period - Shot Misses the Net.
9:05 of 1st period - Snap shot by K'Andre Miller.
9:05 of 1st period - Stopped by Malcolm Subban without a rebound.
9:06 of 1st period - Alex Iafallo wins face-off versus Seth Jarvis in San Jose Sharks zone.
10:02 of 1st period - Wrist shot by Peyton Krebs.
10:02 of 1st period - Stopped by Malcolm Subban without a rebound.
10:03 of 1st period - Nick Paul wins face-off versus Seth Jarvis in San Jose Sharks zone.
10:03 of 1st period - Nick Paul is hit by Jakub Zboril.
10:33 of 1st period - Slapshot by Andrei Svechnikov.
10:33 of 1st period - Shot Misses the Net.
10:35 of 1st period - Snap shot by Jakub Zboril.
10:35 of 1st period - Shot Blocked by Joel Edmundson.
10:37 of 1st period - Slapshot by Erik Brannstrom.
10:37 of 1st period - Stopped by Malcolm Subban without a rebound.
10:38 of 1st period - Nicklas Backstrom wins face-off versus Alex Iafallo in San Jose Sharks zone.
11:03 of 1st period - Jesper Fast is hit by Matt Tennyson and loses puck.
11:37 of 1st period - Wrist shot by Oliver Bjorkstrand.
11:37 of 1st period - Deflect By K'Andre Miller.
11:37 of 1st period - Shot Blocked by K'Andre Miller.
11:37 of 1st period - Puck is out of play.
11:38 of 1st period - Seth Jarvis wins face-off versus Alex Iafallo in Los Angeles Kings zone.
11:51 of 1st period - Wrist shot by Alexander Radulov.
11:51 of 1st period - Shot Misses the Net.
11:53 of 1st period - Wrist shot by Dominik Kubalik.
11:53 of 1st period - Stopped by Malcolm Subban with a rebound.
12:12 of 1st period - Snap shot by Andreas Athanasiou.
12:12 of 1st period - Stopped by John Gibson without a rebound.
12:13 of 1st period - Ryan Hartman wins face-off versus Seth Jarvis in Los Angeles Kings zone.
12:14 of 1st period - Snap shot by Oliver Bjorkstrand.
12:14 of 1st period - Stopped by John Gibson with a rebound.
12:16 of 1st period - Backhand shot by Ryan Hartman.
12:16 of 1st period - Stopped by John Gibson with a rebound.
12:18 of 1st period - Snap shot by Joel Edmundson.
12:18 of 1st period - Deflect By Alexander Radulov.
12:18 of 1st period - Stopped by John Gibson with a rebound.
12:20 of 1st period - Slapshot by Joel Edmundson.
12:20 of 1st period - Shot Blocked by Matt Tennyson.
12:40 of 1st period - Nicklas Backstrom is hit by Nick Paul and loses puck.
13:00 of 1st period - Off-side.
13:01 of 1st period - Sonny Milano wins face-off versus Cooper Marody in neutral zone.
13:03 of 1st period - Minor Penalty to Jacob Middleton for Hooking.
13:04 of 1st period - Nicklas Backstrom wins face-off versus Ryan Hartman in San Jose Sharks zone.
13:04 of 1st period - Snap shot by Andrei Svechnikov.
13:04 of 1st period - Shot Misses the Net.
13:12 of 1st period - Slapshot by Andrei Svechnikov.
13:12 of 1st period - Goal by Andrei Svechnikov - San Jose Sharks : 0 - Los Angeles Kings : 1.
13:13 of 1st period - Nicklas Backstrom wins face-off versus Alex Iafallo in neutral zone.
13:24 of 1st period - Slapshot by Andrei Svechnikov.
13:24 of 1st period - Stopped by Malcolm Subban without a rebound.
13:25 of 1st period - Andreas Athanasiou wins face-off versus Seth Jarvis in San Jose Sharks zone.
14:13 of 1st period - Snap shot by Cooper Marody.
14:13 of 1st period - Stopped by Malcolm Subban without a rebound.
14:14 of 1st period - Cooper Marody wins face-off versus Ryan Hartman in San Jose Sharks zone.
14:47 of 1st period - Wrist shot by William Karlsson.
14:47 of 1st period - Stopped by John Gibson without a rebound.
14:48 of 1st period - Rem Pitlick wins face-off versus Nicklas Backstrom in Los Angeles Kings zone.
15:15 of 1st period - Derek Forbort is hit by Jakub Zboril and loses puck.
15:24 of 1st period - Slapshot by Seth Jarvis.
15:24 of 1st period - Shot Misses the Net.
15:38 of 1st period - Wrist shot by Oliver Bjorkstrand.
15:38 of 1st period - Shot Blocked by Jakub Zboril.
16:47 of 1st period - Icing by K'Andre Miller.
16:48 of 1st period - Alex Iafallo wins face-off versus Peyton Krebs in Los Angeles Kings zone.
16:49 of 1st period - Snap shot by Michael Bunting.
16:49 of 1st period - Deflect By Alex Iafallo.
16:49 of 1st period - Stopped by John Gibson without a rebound.
16:50 of 1st period - Nicklas Backstrom wins face-off versus Alex Iafallo in Los Angeles Kings zone.
16:55 of 1st period - Snap shot by Alex Iafallo.
16:55 of 1st period - Stopped by John Gibson with a rebound.
16:57 of 1st period - Wrist shot by Michael Bunting.
16:57 of 1st period - Shot Misses the Net.
16:59 of 1st period - Slapshot by Alex Iafallo.
16:59 of 1st period - Stopped by John Gibson with a rebound.
17:01 of 1st period - Wrist shot by Nick Paul.
17:01 of 1st period - Shot Misses the Net.
17:03 of 1st period - Slapshot by Michael Bunting.
17:03 of 1st period - Shot Blocked by Andrei Svechnikov.
17:08 of 1st period - Minor Penalty to Kirby Dach for Slashing.
17:09 of 1st period - Ryan Hartman wins face-off versus Andrei Svechnikov in Los Angeles Kings zone.
17:17 of 1st period - Snap shot by Ryan Hartman.
17:17 of 1st period - Stopped by John Gibson without a rebound.
17:18 of 1st period - Ryan Hartman wins face-off versus Andrei Svechnikov in Los Angeles Kings zone.
17:31 of 1st period - Slapshot by William Karlsson.
17:31 of 1st period - Shot Blocked by K'Andre Miller.
17:47 of 1st period - Slapshot by Oliver Bjorkstrand.
17:47 of 1st period - Shot Misses the Net.
17:49 of 1st period - Wrist shot by William Karlsson.
17:49 of 1st period - Goal by William Karlsson - San Jose Sharks : 1 - Los Angeles Kings : 1.
17:50 of 1st period - Andreas Athanasiou wins face-off versus Nicklas Backstrom in neutral zone.
17:57 of 1st period - Icing by Kirby Dach.
17:58 of 1st period - Andreas Athanasiou wins face-off versus Nicklas Backstrom in Los Angeles Kings zone.
18:13 of 1st period - Wrist shot by Nicklas Backstrom.
18:13 of 1st period - Shot Misses the Net.
18:25 of 1st period - Backhand shot by Michael Bunting.
18:25 of 1st period - Goal by Michael Bunting - San Jose Sharks : 2 - Los Angeles Kings : 1.
18:26 of 1st period - Peyton Krebs wins face-off versus Ryan Hartman in neutral zone.
18:29 of 1st period - Slapshot by Noah Dobson.
18:29 of 1st period - Shot Misses the Net.
18:31 of 1st period - Snap shot by K'Andre Miller.
18:31 of 1st period - Shot Blocked by William Karlsson.
19:05 of 1st period - Wrist shot by Alex Iafallo.
19:05 of 1st period - Shot Misses the Net.
19:17 of 1st period - Wrist shot by Michael Bunting.
19:17 of 1st period - Deflect By Andreas Athanasiou.
19:17 of 1st period - Shot Blocked by Andrei Svechnikov.
19:17 of 1st period - Puck is out of play.
19:18 of 1st period - Nicklas Backstrom wins face-off versus Andreas Athanasiou in Los Angeles Kings zone.
19:29 of 1st period - Snap shot by Tanner Pearson.
19:29 of 1st period - Stopped by John Gibson with a rebound.
19:31 of 1st period - Snap shot by Jesper Fast.
19:31 of 1st period - Shot Misses the Net.
Goals for this period are 2 for San Jose Sharks vs 1 for Los Angeles Kings.
Shots for this period are 15 for San Jose Sharks vs 11 for Los Angeles Kings.
2nd period
0:01 of 2nd period - Rem Pitlick wins face-off versus Seth Jarvis in neutral zone.
0:08 of 2nd period - Backhand shot by Rem Pitlick.
0:08 of 2nd period - Shot Blocked by Noah Dobson.
0:10 of 2nd period - Slapshot by Sonny Milano.
0:10 of 2nd period - Shot Blocked by Noah Dobson.
0:14 of 2nd period - Snap shot by Sonny Milano.
0:14 of 2nd period - Shot Misses the Net.
0:16 of 2nd period - Slapshot by Joel Edmundson.
0:16 of 2nd period - Shot Misses the Net.
0:33 of 2nd period - Wrist shot by Alexander Radulov.
0:33 of 2nd period - Shot Misses the Net.
0:35 of 2nd period - Slapshot by Dominik Kubalik.
0:35 of 2nd period - Stopped by Malcolm Subban without a rebound.
0:36 of 2nd period - Nicklas Backstrom wins face-off versus Alex Iafallo in San Jose Sharks zone.
0:49 of 2nd period - Snap shot by Andrei Svechnikov.
0:49 of 2nd period - Shot Misses the Net.
1:07 of 2nd period - Snap shot by Vitaly Kravtsov.
1:07 of 2nd period - Shot Blocked by Ryan Hartman.
1:09 of 2nd period - Wrist shot by Vitaly Kravtsov.
1:09 of 2nd period - Shot Misses the Net.
1:11 of 2nd period - Snap shot by Evan Polei.
1:11 of 2nd period - Shot Misses the Net.
1:48 of 2nd period - Minor Penalty to Jacob Middleton for Holding Stick.
1:49 of 2nd period - Seth Jarvis wins face-off versus Oliver Bjorkstrand in San Jose Sharks zone.
2:15 of 2nd period - Oliver Bjorkstrand is hit by Kirby Dach and loses puck.
3:48 of 2nd period - Penalty to Jacob Middleton is over, Jacob Middleton is back on ice.
4:08 of 2nd period - Rem Pitlick is hit by Ryan Reaves and loses puck.
4:16 of 2nd period - Icing by Jacob Middleton.
4:17 of 2nd period - Cooper Marody wins face-off versus Andreas Athanasiou in San Jose Sharks zone.
4:18 of 2nd period - Slapshot by Noah Dobson.
4:18 of 2nd period - Deflect By Andreas Athanasiou.
4:18 of 2nd period - Stopped by Malcolm Subban without a rebound.
4:19 of 2nd period - Cooper Marody wins face-off versus Jesper Fast in San Jose Sharks zone.
4:22 of 2nd period - Snap shot by Vitaly Kravtsov.
4:22 of 2nd period - Deflect By Anthony DeAngelo.
4:22 of 2nd period - Shot Misses the Net.
4:22 of 2nd period - Puck is out of play.
4:23 of 2nd period - Cooper Marody wins face-off versus Andreas Athanasiou in San Jose Sharks zone.
4:32 of 2nd period - Slapshot by Tanner Pearson.
4:32 of 2nd period - Shot Misses the Net.
4:40 of 2nd period - Snap shot by Andreas Athanasiou.
4:40 of 2nd period - Stopped by John Gibson with a rebound.
4:42 of 2nd period - Wrist shot by Jesper Fast.
4:42 of 2nd period - Shot Misses the Net.
4:44 of 2nd period - Slapshot by Tanner Pearson.
4:44 of 2nd period - Shot Misses the Net.
4:46 of 2nd period - Snap shot by Jesper Fast.
4:46 of 2nd period - Shot Misses the Net.
4:48 of 2nd period - Slapshot by Jesper Fast.
4:48 of 2nd period - Goal by Jesper Fast - San Jose Sharks : 3 - Los Angeles Kings : 1.
4:49 of 2nd period - Nicklas Backstrom wins face-off versus Alex Iafallo in neutral zone.
4:54 of 2nd period - Slapshot by Andrei Svechnikov.
4:54 of 2nd period - Shot Misses the Net.
5:39 of 2nd period - Backhand shot by Noah Dobson.
5:39 of 2nd period - Stopped by Malcolm Subban with a rebound.
5:41 of 2nd period - Slapshot by Noah Dobson.
5:41 of 2nd period - Shot Misses the Net.
5:43 of 2nd period - Slapshot by K'Andre Miller.
5:43 of 2nd period - Stopped by Malcolm Subban without a rebound.
5:44 of 2nd period - Andreas Athanasiou wins face-off versus Cooper Marody in San Jose Sharks zone.
6:20 of 2nd period - Wrist shot by Cooper Marody.
6:20 of 2nd period - Stopped by Malcolm Subban with a rebound.
6:30 of 2nd period - Joel Edmundson is hit by Evan Polei and loses puck.
6:39 of 2nd period - Slapshot by Andreas Athanasiou.
6:39 of 2nd period - Shot Misses the Net.
6:41 of 2nd period - Snap shot by Jesper Fast.
6:41 of 2nd period - Deflect By Tanner Pearson.
6:41 of 2nd period - Shot Blocked by Jakub Zboril.
6:41 of 2nd period - Puck is out of play.
6:42 of 2nd period - Alex Iafallo wins face-off versus Nicklas Backstrom in Los Angeles Kings zone.
6:43 of 2nd period - Slapshot by Michael Bunting.
6:43 of 2nd period - Stopped by John Gibson with a rebound.
6:57 of 2nd period - Wrist shot by Andrei Svechnikov.
6:57 of 2nd period - Shot Blocked by Nick Paul.
7:09 of 2nd period - Snap shot by Ryan Hartman.
7:09 of 2nd period - Stopped by John Gibson with a rebound.
7:11 of 2nd period - Slapshot by Jacob Middleton.
7:11 of 2nd period - Shot Misses the Net.
7:20 of 2nd period - Icing by K'Andre Miller.
7:21 of 2nd period - Alex Iafallo wins face-off versus Seth Jarvis in Los Angeles Kings zone.
7:34 of 2nd period - Snap shot by Alex Iafallo.
7:34 of 2nd period - Stopped by John Gibson without a rebound.
7:35 of 2nd period - Ryan Hartman wins face-off versus Nicklas Backstrom in Los Angeles Kings zone.
7:46 of 2nd period - Ryan Hartman is hit by Matt Tennyson and loses puck.
8:13 of 2nd period - Minor Penalty to Derek Forbort for Interference.
8:14 of 2nd period - Seth Jarvis wins face-off versus Oliver Bjorkstrand in San Jose Sharks zone.
8:22 of 2nd period - Slapshot by Dominik Kubalik.
8:22 of 2nd period - Stopped by Malcolm Subban without a rebound.
8:23 of 2nd period - Oliver Bjorkstrand wins face-off versus Seth Jarvis in San Jose Sharks zone.
8:23 of 2nd period - Oliver Bjorkstrand is hit by Seth Jarvis.
8:47 of 2nd period - Snap shot by Dominik Kubalik.
8:47 of 2nd period - Shot Misses the Net.
9:06 of 2nd period - Snap shot by Alexander Radulov.
9:06 of 2nd period - Goal by Alexander Radulov - San Jose Sharks : 3 - Los Angeles Kings : 2.
9:07 of 2nd period - Tyler Gaudet wins face-off versus Rem Pitlick in neutral zone.
9:14 of 2nd period - Slapshot by Peyton Krebs.
9:14 of 2nd period - Shot Misses the Net.
9:16 of 2nd period - Snap shot by Peyton Krebs.
9:16 of 2nd period - Goal by Peyton Krebs - San Jose Sharks : 3 - Los Angeles Kings : 3.
9:17 of 2nd period - Nicklas Backstrom wins face-off versus Alex Iafallo in neutral zone.
9:22 of 2nd period - Wrist shot by Nicklas Backstrom.
9:22 of 2nd period - Shot Misses the Net.
9:24 of 2nd period - Wrist shot by Matt Tennyson.
9:24 of 2nd period - Deflect By Alex Iafallo.
9:24 of 2nd period - Goal by Matt Tennyson - San Jose Sharks : 3 - Los Angeles Kings : 4.
9:25 of 2nd period - Peyton Krebs wins face-off versus Alex Iafallo in neutral zone.
9:29 of 2nd period - Minor Penalty to Nick Paul for Hooking.
9:30 of 2nd period - Ryan Hartman wins face-off versus Nicklas Backstrom in San Jose Sharks zone.
9:30 of 2nd period - Ryan Hartman is hit by Noah Dobson.
9:39 of 2nd period - Snap shot by Nicklas Backstrom.
9:39 of 2nd period - Stopped by Malcolm Subban with a rebound.
10:22 of 2nd period - Icing by Nicklas Backstrom.
10:23 of 2nd period - Ryan Hartman wins face-off versus Nicklas Backstrom in Los Angeles Kings zone.
11:29 of 2nd period - Penalty to Nick Paul is over, Nick Paul is back on ice.
12:39 of 2nd period - Backhand shot by William Karlsson.
12:39 of 2nd period - Stopped by John Gibson with a rebound.
13:40 of 2nd period - Alexander Radulov is hit by Derek Forbort and loses puck.
14:43 of 2nd period - Snap shot by Alex Iafallo.
14:43 of 2nd period - Stopped by John Gibson with a rebound.
14:56 of 2nd period - Off-side.
14:57 of 2nd period - Andreas Athanasiou wins face-off versus Seth Jarvis in neutral zone.
15:04 of 2nd period - Wrist shot by Jesper Fast.
15:04 of 2nd period - Shot Blocked by Erik Brannstrom.
15:17 of 2nd period - Wrist shot by Dominik Kubalik.
15:17 of 2nd period - Shot Misses the Net.
15:28 of 2nd period - Icing by Jakub Zboril.
15:29 of 2nd period - Seth Jarvis wins face-off versus Ryan Hartman in Los Angeles Kings zone.
15:42 of 2nd period - Wrist shot by Dominik Kubalik.
15:42 of 2nd period - Shot Blocked by Anthony DeAngelo.
15:44 of 2nd period - Snap shot by Seth Jarvis.
15:44 of 2nd period - Goal by Seth Jarvis - San Jose Sharks : 3 - Los Angeles Kings : 5.
15:45 of 2nd period - Nicklas Backstrom wins face-off versus Alex Iafallo in neutral zone.
18:49 of 2nd period - Rem Pitlick is hit by Vitaly Kravtsov and loses puck.
19:16 of 2nd period - Minor Penalty to Jacob Middleton for Holding.
19:17 of 2nd period - William Karlsson wins face-off versus Nicklas Backstrom in San Jose Sharks zone.
19:17 of 2nd period - William Karlsson is hit by Andrei Svechnikov.
Goals for this period are 1 for San Jose Sharks vs 4 for Los Angeles Kings.
Shots for this period are 7 for San Jose Sharks vs 11 for Los Angeles Kings.
3rd period
0:01 of 3rd period - Nicklas Backstrom wins face-off versus Ryan Hartman in neutral zone.
0:04 of 3rd period - Ryan Hartman is hit by Kirby Dach.
0:12 of 3rd period - Snap shot by Andrei Svechnikov.
0:12 of 3rd period - Shot Misses the Net.
0:14 of 3rd period - Snap shot by Nicklas Backstrom.
0:14 of 3rd period - Shot Blocked by David Savard.
0:16 of 3rd period - Slapshot by Andrei Svechnikov.
0:16 of 3rd period - Shot Misses the Net.
0:26 of 3rd period - K'Andre Miller is hit by Oliver Bjorkstrand and loses puck.
0:31 of 3rd period - Wrist shot by Oliver Bjorkstrand.
0:31 of 3rd period - Stopped by John Gibson with a rebound.
1:16 of 3rd period - Penalty to Jacob Middleton is over, Jacob Middleton is back on ice.
1:27 of 3rd period - Jesper Fast is hit by Peyton Krebs and loses puck.
1:44 of 3rd period - Snap shot by Jakub Zboril.
1:44 of 3rd period - Shot Misses the Net.
1:46 of 3rd period - Slapshot by Jakub Zboril.
1:46 of 3rd period - Stopped by Malcolm Subban without a rebound.
1:47 of 3rd period - Alex Iafallo wins face-off versus Cooper Marody in San Jose Sharks zone.
2:46 of 3rd period - Snap shot by Tanner Pearson.
2:46 of 3rd period - Shot Misses the Net.
2:48 of 3rd period - Wrist shot by Jesper Fast.
2:48 of 3rd period - Stopped by John Gibson with a rebound.
3:33 of 3rd period - Snap shot by K'Andre Miller.
3:33 of 3rd period - Shot Misses the Net.
3:45 of 3rd period - Slapshot by Derek Forbort.
3:45 of 3rd period - Shot Misses the Net.
3:51 of 3rd period - Snap shot by Oliver Bjorkstrand.
3:51 of 3rd period - Deflect By Nicklas Backstrom.
3:51 of 3rd period - Stopped by John Gibson with a rebound.
3:53 of 3rd period - Snap shot by William Karlsson.
3:53 of 3rd period - Stopped by John Gibson with a rebound.
4:26 of 3rd period - Off-side.
4:27 of 3rd period - Peyton Krebs wins face-off versus Alex Iafallo in neutral zone.
4:42 of 3rd period - Slapshot by Anthony DeAngelo.
4:42 of 3rd period - Shot Misses the Net.
4:44 of 3rd period - Minor Penalty to K'Andre Miller for Holding.
4:45 of 3rd period - Alex Iafallo wins face-off versus Andrei Svechnikov in Los Angeles Kings zone.
4:58 of 3rd period - Slapshot by Michael Bunting.
4:58 of 3rd period - Stopped by John Gibson with a rebound.
5:20 of 3rd period - Snap shot by Oliver Bjorkstrand.
5:20 of 3rd period - Stopped by John Gibson without a rebound.
5:21 of 3rd period - Alex Iafallo wins face-off versus Kirby Dach in Los Angeles Kings zone.
5:30 of 3rd period - Snap shot by Alex Iafallo.
5:30 of 3rd period - Goal by Alex Iafallo - San Jose Sharks : 4 - Los Angeles Kings : 5.
5:31 of 3rd period - Nicklas Backstrom wins face-off versus Alex Iafallo in neutral zone.
6:03 of 3rd period - Snap shot by Seth Jarvis.
6:03 of 3rd period - Stopped by Malcolm Subban without a rebound.
6:04 of 3rd period - Ryan Hartman wins face-off versus Seth Jarvis in San Jose Sharks zone.
6:13 of 3rd period - Snap shot by Oliver Bjorkstrand.
6:13 of 3rd period - Shot Blocked by Alexander Radulov.
6:15 of 3rd period - Snap shot by Oliver Bjorkstrand.
6:15 of 3rd period - Stopped by John Gibson with a rebound.
6:37 of 3rd period - Backhand shot by Andreas Athanasiou.
6:37 of 3rd period - Shot Hit the Post.
6:39 of 3rd period - Wrist shot by Jesper Fast.
6:39 of 3rd period - Stopped by John Gibson without a rebound.
6:40 of 3rd period - Nick Paul wins face-off versus Andrei Svechnikov in Los Angeles Kings zone.
6:41 of 3rd period - Snap shot by Alex Iafallo.
6:41 of 3rd period - Shot Misses the Net.
6:43 of 3rd period - Slapshot by Alex Iafallo.
6:43 of 3rd period - Stopped by John Gibson with a rebound.
7:06 of 3rd period - Dominik Kubalik is hit by William Karlsson and loses puck.
7:19 of 3rd period - Anthony DeAngelo is hit by Jakub Zboril and loses puck.
7:58 of 3rd period - Snap shot by Mike Hoffman.
7:58 of 3rd period - Shot Blocked by Noah Dobson.
8:00 of 3rd period - Slapshot by Joel Edmundson.
8:00 of 3rd period - Stopped by John Gibson without a rebound.
8:01 of 3rd period - Alex Iafallo wins face-off versus Nicklas Backstrom in Los Angeles Kings zone.
8:15 of 3rd period - Icing by Rasmus Sandin.
8:16 of 3rd period - Nicklas Backstrom wins face-off versus Ryan Hartman in Los Angeles Kings zone.
8:16 of 3rd period - Nicklas Backstrom is hit by Oliver Bjorkstrand.
8:40 of 3rd period - Icing by Rasmus Sandin.
8:41 of 3rd period - Alex Iafallo wins face-off versus Kirby Dach in Los Angeles Kings zone.
8:53 of 3rd period - Icing by Nicklas Backstrom.
8:54 of 3rd period - Nicklas Backstrom wins face-off versus Alex Iafallo in Los Angeles Kings zone.
8:59 of 3rd period - Snap shot by Andrei Svechnikov.
8:59 of 3rd period - Stopped by Malcolm Subban with a rebound.
9:01 of 3rd period - Snap shot by Rasmus Sandin.
9:01 of 3rd period - Stopped by Malcolm Subban with a rebound.
9:23 of 3rd period - David Savard is hit by Andrei Svechnikov.
9:43 of 3rd period - Snap shot by Nicklas Backstrom.
9:43 of 3rd period - Stopped by Malcolm Subban with a rebound.
9:45 of 3rd period - Slapshot by Kirby Dach.
9:45 of 3rd period - Shot Blocked by David Savard.
9:47 of 3rd period - Snap shot by Kirby Dach.
9:47 of 3rd period - Goal by Kirby Dach - San Jose Sharks : 4 - Los Angeles Kings : 6.
9:48 of 3rd period - Alex Iafallo wins face-off versus Alexander Radulov in neutral zone.
9:59 of 3rd period - Wrist shot by Michael Bunting.
9:59 of 3rd period - Deflect By Alex Iafallo.
9:59 of 3rd period - Shot Blocked by K'Andre Miller.
9:59 of 3rd period - Puck is out of play.
10:00 of 3rd period - Seth Jarvis wins face-off versus Michael Bunting in Los Angeles Kings zone.
10:08 of 3rd period - Icing by Anthony DeAngelo.
10:09 of 3rd period - Alex Iafallo wins face-off versus Seth Jarvis in San Jose Sharks zone.
10:36 of 3rd period - Off-side.
10:37 of 3rd period - William Karlsson wins face-off versus Peyton Krebs in neutral zone.
11:23 of 3rd period - Dominik Kubalik is hit by Alex Iafallo and loses puck.
11:32 of 3rd period - Dominik Kubalik is hit by Alex Iafallo and loses puck.
12:42 of 3rd period - Icing by Matt Tennyson.
12:43 of 3rd period - Michael Bunting wins face-off versus Dominik Kubalik in Los Angeles Kings zone.
12:59 of 3rd period - Icing by Matt Tennyson.
13:00 of 3rd period - Seth Jarvis wins face-off versus Ryan Hartman in Los Angeles Kings zone.
13:37 of 3rd period - Snap shot by Ryan Reaves.
13:37 of 3rd period - Stopped by Malcolm Subban with a rebound.
13:39 of 3rd period - Snap shot by Matt Tennyson.
13:39 of 3rd period - Stopped by Malcolm Subban with a rebound.
13:59 of 3rd period - Slapshot by Andreas Athanasiou.
13:59 of 3rd period - Shot Misses the Net.
14:01 of 3rd period - Wrist shot by Tanner Pearson.
14:01 of 3rd period - Shot Misses the Net.
14:58 of 3rd period - Off-side.
14:59 of 3rd period - Nicklas Backstrom wins face-off versus Alex Iafallo in neutral zone.
15:18 of 3rd period - Wrist shot by Nick Paul.
15:18 of 3rd period - Shot Misses the Net.
15:20 of 3rd period - Slapshot by Derek Forbort.
15:20 of 3rd period - Shot Blocked by Nicklas Backstrom.
15:22 of 3rd period - Slapshot by David Savard.
15:22 of 3rd period - Stopped by John Gibson without a rebound.
15:23 of 3rd period - Peyton Krebs wins face-off versus Andreas Athanasiou in Los Angeles Kings zone.
15:36 of 3rd period - Snap shot by Peyton Krebs.
15:36 of 3rd period - Stopped by Malcolm Subban with a rebound.
15:38 of 3rd period - Backhand shot by Ryan Reaves.
15:38 of 3rd period - Shot Misses the Net.
16:26 of 3rd period - Icing by David Savard.
16:27 of 3rd period - Ryan Hartman wins face-off versus Peyton Krebs in San Jose Sharks zone.
16:34 of 3rd period - Slapshot by Noah Dobson.
16:34 of 3rd period - Deflect By Peyton Krebs.
16:34 of 3rd period - Goal by Peyton Krebs - San Jose Sharks : 4 - Los Angeles Kings : 7.
16:35 of 3rd period - Ryan Hartman wins face-off versus Alexander Radulov in neutral zone.
17:02 of 3rd period - Joel Edmundson is hit by Tyler Gaudet and loses puck.
17:11 of 3rd period - Wrist shot by Peyton Krebs.
17:11 of 3rd period - Shot Misses the Net.
17:13 of 3rd period - Slapshot by Erik Brannstrom.
17:13 of 3rd period - Stopped by Malcolm Subban without a rebound.
17:14 of 3rd period - Andreas Athanasiou wins face-off versus Nicklas Backstrom in San Jose Sharks zone.
17:21 of 3rd period - Erik Brannstrom is hit by Andreas Athanasiou and loses puck.
17:53 of 3rd period - Icing by William Karlsson.
17:54 of 3rd period - Seth Jarvis wins face-off versus Ryan Hartman in San Jose Sharks zone.
18:43 of 3rd period - Snap shot by Jesper Fast.
18:43 of 3rd period - Deflect By Tanner Pearson.
18:43 of 3rd period - Shot Misses the Net.
18:43 of 3rd period - Puck is out of play.
18:44 of 3rd period - Nicklas Backstrom wins face-off versus Andreas Athanasiou in Los Angeles Kings zone.
19:00 of 3rd period - Minor Penalty to Kirby Dach for Holding.
19:01 of 3rd period - Alex Iafallo wins face-off versus Andrei Svechnikov in Los Angeles Kings zone.
19:09 of 3rd period - Wrist shot by Alex Iafallo.
19:09 of 3rd period - Shot Misses the Net.
19:11 of 3rd period - Slapshot by Anthony DeAngelo.
19:11 of 3rd period - Deflect By Alex Iafallo.
19:11 of 3rd period - Stopped by John Gibson without a rebound.
19:12 of 3rd period - Peyton Krebs wins face-off versus Alex Iafallo in Los Angeles Kings zone.
Goals for this period are 1 for San Jose Sharks vs 2 for Los Angeles Kings.
Shots for this period are 13 for San Jose Sharks vs 11 for Los Angeles Kings.
Back to the Top